 Dungeon Crawl Stone Soup version 0.30-a0-354-g6b83867211 (webtiles) character file.

Game seed: 14542083439837263135

243 avis the Chiller (level 5, -5/34 (41) HPs)
             Began as a Demigod Ice Elementalist on Nov 7, 2022.
             Slain by an ogre
             ... wielding a +0 giant club
              (26 damage)
             ... on level 4 of the Dungeon.
             The game lasted 00:18:55 (3967 turns).

avis the Chiller (Demigod Ice Elementalist)         Turns: 3967, Time: 00:18:55

HP:   -5/34 (41)    AC: 11    Str:  9    XL:     5   Next: 52%
MP:   7/12          EV: 12    Int: 17    God:
Gold: 118           SH:  0    Dex: 18    Spells: 3/10 levels left

rFire   . . .      SeeInvis .    b - +0 sling
rCold   . . .      Faith    .    (no shield)
rNeg    . . .      Spirit   .    d - +0 robe
rPois   .          Reflect  .    q - +1 helmet
rElec   .          Harm     .    (no cloak)
rCorr   .          Rampage  .    h - +0 pair of gloves
Will    .....                    (no boots)
Stlth   ++........               (no amulet)
HPRegen 0.25/turn                (no ring)
MPRegen 0.13/turn                (no ring)

@: ice-armoured, heavily drained
A: high MP 1, forlorn, divine attributes
a: no special abilities


You were on level 4 of the Dungeon.
You visited 1 branch of the dungeon, and saw 4 of its levels.

You collected 118 gold pieces.

Inventory:

Hand Weapons
 a - a +0 dagger of speed
 b - a +0 sling (weapon)
 w - a +1 short sword of flaming
 A - a +0 dagger of draining
Missiles
 c - 55 stones
 y - a throwing net
Armour
 d - a +0 robe (worn)
 h - a +0 pair of gloves (worn)
 q - a +1 helmet (worn)
Jewellery
 s - a +4 ring of evasion
Scrolls
 f - 3 scrolls of identify {unknown}
 g - a scroll of amnesia {unknown}
 n - 3 scrolls of teleportation {unknown}
 o - a scroll of magic mapping {unknown}
 r - a scroll of blinking {unknown}
 v - a scroll of enchant armour {unknown}
 z - a scroll of vulnerability {unknown}
Potions
 e - 2 potions of magic
 i - 5 potions of curing {unknown}
 j - a potion of berserk rage {unknown}
 k - 2 potions of haste {unknown}
 l - 3 potions of cancellation {unknown}
 m - 3 potions of degeneration {unknown}
 p - a potion of resistance {unknown}
 t - a potion of flight {unknown}
 u - 2 potions of brilliance {unknown}
 x - a potion of might {unknown}


   Skills:
 - Level 2.0 Fighting
 - Level 2.0 Ranged Weapons
 - Level 1.7 Dodging
 - Level 1.7 Stealth
 - Level 3.0 Spellcasting
 * Level 4.9 Ice Magic


You had 3 spell levels left.
You knew the following spells:

 Your Spells              Type           Power      Damage    Failure   Level
a - Freeze                Ice            76%        1d8       2%          1
o - Ozocubu's Armour      Ice            19%        N/A       7%          3
r - Frozen Ramparts       Ice            38%        1d6       7%          3

Your spell library contained the following spells:

 Spells                   Type           Power      Damage    Failure   Level
 Apportation              Tloc           4%         N/A       17%         1
 Kiss of Death            Conj/Necr      8%         2d6       17%         1
 Necrotise                Necr           8%         1d4       17%         1
 Summon Small Mammal      Summ           8%         N/A       17%         1
 Confusing Touch          Hex            2%         N/A       45%         3
 Inner Flame              Hex/Fire       2%         N/A       45%         3
 Summon Ice Beast         Ice/Summ       10%        N/A       54%         4
 Cause Fear               Hex            1%         N/A       86%         4
 Dispel Undead            Necr           2%         3d7       86%         4
 Discord                  Hex            1%         N/A       100%        8


Dungeon Overview and Level Annotations

Branches:
Dungeon (4/15)             Temple (0/1) D:4

Shops:
D:4 [

Annotations:
D:3 2 transporters, Grinder; tonyyikes's ghost, amateur AtFi
D:4 3 runed translucent doors, Encipher's ghost, amateur FoFi


Innate Abilities, Weirdness & Mutations

You have an increased reservoir of magic. (+10% MP)
You shall have no god before yourself.
Your divine heritage dramatically boosts your attributes as you level up.


Message History

The ogre shouts!
Casting: Ozocubu's Armour (dangerous; 7% risk of failure)
Confirm with . or Enter, or press ? or * to list all spells.
Casting: Frozen Ramparts (dangerous; 7% risk of failure)
Press: ? - help, Dir - look around, f - activate The walls around you are covered in ice.
Fire: b) +0 sling
Press: ? - help, Q - select action, (/) - cycle Shift-Dir - straight line, f - ogre
Aim: an ogre, wielding a +0 giant club (75% to hit)
You shoot a sling bullet. The sling bullet hits the ogre.
The ogre is lightly wounded.
Unknown command.
Fire: b) +0 sling
Press: ? - help, Q - select action, (/) - cycle Shift-Dir - straight line, f/p - ogre
Aim: an ogre, wielding a +0 giant club (lightly wounded, 75% to hit)
You shoot a sling bullet. The sling bullet hits the ogre.
The ogre is moderately wounded.
Unknown command.
Fire: b) +0 sling
Press: ? - help, Q - select action, (/) - cycle Shift-Dir - straight line, f/p - ogre
Aim: an ogre, wielding a +0 giant club (moderately wounded, 75% to hit)
You shoot a sling bullet. The sling bullet hits the ogre.
The ogre is moderately wounded.
The wall freezes the ogre. x2
Fire: b) +0 sling
Press: ? - help, Q - select action, (/) - cycle Shift-Dir - straight line, f/p - ogre
Aim: an ogre, wielding a +0 giant club (moderately wounded, 75% to hit)
You shoot a sling bullet. The sling bullet hits the ogre.
The ogre is heavily wounded.
The wall freezes the ogre!
The ogre hits you with a +0 giant club!
Fire: b) +0 sling
Press: ? - help, Q - select action, (/) - cycle Shift-Dir - straight line, f/p - ogre
Aim: an ogre, wielding a +0 giant club (severely wounded, 75% to hit)
You shoot a sling bullet.
The sling bullet hits the ogre but does no damage.
The ogre is severely wounded.
The frozen ramparts melt away.
The ogre hits you with a +0 giant club!!
Ouch! That really hurt!
You die...

#)# #.##. #[#
#.##. #)####
#.##. #....####
## #......... #
#....##### #
###.......#
######.........#
......O@.......#
######.......).#
#.........#
#.........#
#.........#
########### ###
#..


You could see an ogre.

Vanquished Creatures
  A jelly (D:4)
  An orc wizard (D:4)
  4 gnolls (D:4)
  3 adders
  3 worms
  3 dart slugs
  4 orcs
  9 endoplasms
  A giant cockroach (D:2)
  7 goblins
  12 hobgoblins
  8 jackals (D:4)
  5 quokkas
  10 ball pythons
  8 bats
  5 frilled lizards
  11 kobolds
  4 rats
99 creatures vanquished.

Vanquished Creatures (others)
  4 plants (D:4)
4 creatures vanquished.

Grand Total: 103 creatures vanquished

Notes
Turn   | Place    | Note
-------+----------+-------------------------------------------
     0 | D:1      | avis the Demigod Ice Elementalist began the quest for the
                  | Orb.
     0 | D:1      | Reached XP level 1. HP: 14/14 MP: 5/5
   118 | D:1      | Reached skill level 1 in Fighting
   236 | D:1      | Reached XP level 2. HP: 23/23 MP: 4/7
   282 | D:1      | Reached skill level 4 in Ice Magic
  1046 | D:2      | Reached XP level 3. HP: 28/28 MP: 4/9
  1208 | D:2      | Learned a level 3 spell: Frozen Ramparts
  1212 | D:2      | Learned a level 3 spell: Ozocubu's Armour
  2261 | D:3      | Found a transporter.
  2289 | D:3      | Found a transporter.
  2377 | D:3      | Noticed Grinder
  2535 | D:3      | Reached skill level 1 in Ranged Weapons
  2537 | D:3      | Reached XP level 4. HP: 31/35 MP: 8/11
  2827 | D:3      | Noticed tonyyikes's ghost (amateur AtFi)
  2830 | D:3      | Noticed a necrophage
  3339 | D:4      | Found a runed translucent gate.
  3343 | D:4      | Found a runed translucent gate.
  3343 | D:4      | Found a runed translucent gate.
  3344 | D:4      | Noticed Encipher's ghost (amateur FoFi)
  3344 | D:4      | Noticed a kobold brigand
  3360 | D:4      | Reached XP level 5. HP: 39/41 MP: 6/12
  3772 | D:4      | Found Rigun's Antique Armour Shop.
  3790 | D:4      | Found a staircase to the Ecumenical Temple.
  3960 | D:4      | Noticed an ogre
  3967 | D:4      | Slain by an ogre

Illustrated notes

Levels and vault maps discovered:
D:1:      minmay_arrival_diagonal_passages, layout_loops_ring,
          minmay_indecisive_spiral
D:2:      layout_basic, serial_co_window_serial, co_window_of_opportunity_a,
          co_window_of_opportunity_a, co_window_corner_a,
          co_window_of_opportunity_a, co_window_corner_a, co_window_paths_c,
          co_window_cross_3, co_window_of_opportunity_b, co_window_broadway_c,
          co_window_unsneaky_path_b, co_window_of_opportunity_b,
          co_window_corner_b, co_window_paths_d, co_window_4corner_a,
          glass_columns_a, glass_columns_a
D:3:      layout_loops_ring, trog_butcher_becter, gammafunk_ghost_mausoleum,
          shapermc_ecumenical_altar_pompeii, minmay_misc_feat_iff, uniq_grinder
D:4:      layout_basic, makhleb_blood_cavern_becter,
          minmay_temple_entry_enclosed_plants, gammafunk_ghost_nasty_kobolds,
          serial_shops, shop, st_stairs_12

Skill      XL: |  1  2  3  4 |
---------------+-------------+-----
Fighting       | 1 2 |  2.0
Ice Magic      | 4 |  4.9
Spellcasting   | 2 3 |  3.0
Ranged Weapons | 1 2 |  2.0
Dodging        | |  1.7
Stealth        | |  1.7

Action                   |  1- 3 |  4- 6 || total
-------------------------+-------+-------++-------
 Fire: Sling             |   111 |    73 ||   184
 Cast: Freeze            |    35 |    17 ||    52
       Frozen Ramparts   |       |    10 ||    10
       Ozocubu's Armour  |       |     4 ||     4
Armor: Robe              |     9 |    17 ||    26
Dodge: Dodged            |    18 |    18 ||    36

Table legend: (Time is in decaauts)
 A = Elapsed time spent in this place.
 B = Non-inter-level travel time spent in this place.
 C = Inter-level travel time spent in this place.
 D = Time resting spent in this place.
 E = Time spent auto-exploring this place.
 F = Levels seen in this place.
 G = Mean time per level.
                   A        B        C        D        E       F      G
               +--------+--------+--------+--------+--------+-----+--------+
         Total |   4031 |   3774 |    257 |    676 |   2398 |   4 | 1007.8 |
       Dungeon |   4031 |   3774 |    257 |    676 |   2398 |   4 | 1007.8 |
               +--------+--------+--------+--------+--------+-----+--------+

Top non-repeatable levels by time:
     D:2: 1121 daAuts
     D:1: 1099 daAuts
     D:3: 1001 daAuts
     D:4: 809 daAuts
